 Dungeon Crawl Stone Soup version 0.24-a0-487-g57318f2ed0 (webtiles) character file.

Game seed: 7379304455771778188

7 Mithandil the Conjurer (level 1, -1/10 HPs)
             Began as a Deep Elf Conjurer on July 11, 2019.
             Killed from afar by a dart slug (7 damage)
             ... with a slug dart
             ... on level 1 of the Dungeon.
             The game lasted 00:01:34 (138 turns).

Mithandil the Conjurer (Deep Elf Conjurer)           Turns: 138, Time: 00:01:35

Health: -1/10      AC:  2    Str:  5    XL:     1   Next: 91%
Magic:  0/6        EV: 13    Int: 19    God:
Gold:   0          SH:  0    Dex: 15    Spells: 5/6 levels left

rFire    . . .     SeeInvis .   (no weapon)
rCold    . . .     Gourm    .   (no shield)
rNeg     . . .     Faith    .   a - +0 robe
rPois    .         Spirit   .   (no helmet)
rElec    .         Reflect  .   (no cloak)
rCorr    .         Harm     .   (no gloves)
MR       .....                  (no boots)
Stlth    ++........             (no amulet)
HPRegen  0.03/turn              (no ring)
MPRegen  0.10/turn              (no ring)

@: no status effects
A: no striking features
a: no special abilities


You were on level 1 of the Dungeon.
You were not hungry.

You visited 1 branch of the dungeon, and saw 1 of its levels.

Inventory:

Hand Weapons
 h - a +0 club
Missiles
 e - 20 stones (quivered)
Armour
 a - a +0 robe (worn)
Scrolls
 b - a scroll of teleportation {unknown}
 d - a scroll of enchant armour {unknown}
 g - a scroll of identify {unknown}
Comestibles
 c - a ration
 f - a chunk of flesh


   Skills:
 - Level 2.4 Dodging
 + Level 2.6 Stealth
 * Level 3.3 Spellcasting
 * Level 4.5 Conjurations


You had 5 spell levels left.
You knew the following spells:

 Your Spells              Type           Power        Failure   Level  Hunger
a - Magic Dart            Conj           ###.         2%          1    None

Your spell library contained the following spells:

 Spells                   Type           Power        Failure   Level  Hunger
 Searing Ray              Conj           ###...       3%          2    ##.....
 Dazzling Spray           Conj/Hex       ##....       17%         3    ###....
 Iskenderun's Mystic Bla  Conj           ###.....     22%         4    ####...
 Force Lance              Conj/Tloc      ##......     50%         4    ####...
 Fulminant Prism          Conj/Hex       ##........   50%         4    ####...


Dungeon Overview and Level Annotations

Branches:
Dungeon (1/15)

Altars:


Message History

Aiming: Magic Dart (safe; 2% risk of failure)
Press: ? - help, Shift-Dir - straight line, f - goblin
Aim: a goblin The magic dart hits the goblin.
You kill the goblin!
Throwing (i - inventory)
e - 22 stones (quivered)
Press: ? - help, Shift-Dir - straight line, f - dart slug
Aim: a dart slug You throw a stone.
The stone hits the dart slug but does no damage.
The dart slug barely misses you.
Throwing (i - inventory)
e - 21 stones (quivered)
Press: ? - help, Shift-Dir - straight line, f/p - dart slug
Aim: a dart slug You throw a stone.
The stone hits the dart slug.
The dart slug is lightly wounded.
The dart slug launches a dart at you. The slug dart hits you!
Ouch! That really hurt!
You die...

#..#.......#
##......
#..#..#.#.##
######.
#..#..#.#.## #
######.
#..#.......#.# #
##......
#....#..#.# .#
#....... #.
#....#..#.#..#
#..#####
#..#....>........
#..#####
#........†w..#.##
#.......
#.##(....)@..#
##......
#......###.#.#
######. #####...
....[. ######.
g...###.#.###
##...... .....#
#.#.# #.......
#...... #.. #
#..##### ######.
.## #..####. . .
#....... ##......


You could see a dart slug.

Vanquished Creatures
  A bat (D:1)
  2 goblins (D:1)
  2 hobgoblins (D:1)
  A frilled lizard (D:1)
6 creatures vanquished.

Notes
Turn   | Place    | Note
-------+----------+-------------------------------------------
     0 | D:1      | Mithandil the Deep Elf Conjurer began the quest for the
                  | Orb.
     0 | D:1      | Reached XP level 1. HP: 10/10 MP: 6/6
   138 | D:1      | Killed from afar by a dart slug

Levels and vault maps discovered:
D:1:      minmay_arrival_wavy_path, layout_basic, kennysheep_pointless_box,
          minmay_pentomino_v4

Action                   || total
-------------------------++-------
Throw: Stone             ||     5
 Cast: Magic Dart        ||    11
Dodge: Dodged            ||     3

Table legend:
 A = Non-vault XP
 B = Vault XP
 C = Vault XP percentage of total XP
 D = Non-vault monster count
 E = Vault monster count
 F = Vault count percentage of total count
                 A         B        C        D         E       F
            +---------+---------+-------+---------+---------+-------
      Total |      11 |       0 |   0.0 |       6 |       0 |   0.0
            +---------+---------+-------+---------+---------+-------
        D:1 |      11 |       0 |   0.0 |       6 |       0 |   0.0
            +---------+---------+-------+---------+---------+-------
